Map: Goldenaura LE

Players

SubN

  • Race: Zerg Zerg
  • League: Diamond
  • Spawn Location: 12:00

Shorti - Winner!

  • Race: Zerg Zerg
  • League: Platinum
  • Spawn Location: 5:00

VOD

Have the link to the VOD?

Description

Time

  • Played on: Dec. 19, 2023, 7:45 p.m.
  • Length: 5:40
Show
View Real Time Build Order
Export as new Build Order

SubN Zerg 

Build Orders: Pool First 

Get SALT Encoding   

  12  0:00  Drone  
  13  0:12  Overlord  
  13  0:17  Drone  
  14  0:30  Drone x2  
  14  0:34  Drone  
  17  0:37  Extractor  
  16  0:45  Drone  
  17  0:53  Spawning Pool  
  16  1:02  Drone  
  17  1:22  Hatchery  
  16  1:26  Drone  
  16  1:30  Drone  
  18  1:40  Metabolic Boost  
  18  1:50  Queen  
  20  1:56  Overlord  
  20  2:00  Drone  
  21  2:03  Drone  
  22  2:14  Drone  
  23  2:20  Drone  
  24  2:37  Lair  
  24  2:41  Drone x3  
  24  2:42  Queen  
  29  2:47  Spine Crawler  
  28  2:59  Spine Crawler  
  27  3:09  Zergling x6  
  32  3:12  Drone x2  
  32  3:13  Drone x2  
  33  3:29  Drone x2  
  33  3:32  Drone  
  35  3:39  Overlord  
  35  3:52  Overlord  
  35  3:53  Hatchery  
  34  3:57  Queen  
  34  4:00  Roach Warren  
  35  4:05  Evolution Chamber  
  35  4:07  Evolution Chamber  
  33  4:15  Drone x5  
  38  4:17  Extractor  
  38  4:18  Extractor  
  36  4:33  Drone x5  
  41  4:39  Overlord  
  41  4:57  Roach  
  45  5:00  Roach  
  49  5:07  Roach x2  
  49  5:16  Roach  
  49  5:17  Roach x2  
Show
View Real Time Build Order
Export as new Build Order

Shorti Zerg - Winner!

Build Orders: Hatch First 

Get SALT Encoding   

  12  0:01  Drone  
  13  0:12  Overlord  
  13  0:17  Drone  
  14  0:30  Drone x2  
  16  0:50  Hatchery  
  16  0:53  Drone  
  16  0:58  Drone  
  16  0:59  Drone  
  16  1:03  Extractor  
  17  1:16  Spawning Pool  
  16  1:20  Drone  
  16  1:23  Drone  
  18  1:28  Drone  
  19  1:38  Overlord  
  19  1:49  Drone  
  20  2:04  Queen  
  20  2:05  Queen  
  20  2:06  Zergling x4  
  26  2:15  Drone x2  
  28  2:21  Zergling x2  
  29  2:25  Zergling x2  
  30  2:33  Metabolic Boost  
  30  2:38  Drone  
  30  2:39  Roach Warren  
  30  2:40  Drone  
  31  2:48  Drone  
  31  2:49  Drone  
  33  2:54  Drone  
  34  3:11  Drone x2  
  34  3:12  Overlord  
  34  3:31  Zergling x4  
  34  3:33  Roach  
  42  3:34  Roach x3  
  42  3:36  Drone  
  43  3:46  Evolution Chamber  
  42  3:49  Spine Crawler  
  41  3:57  Roach  
  41  3:58  Overlord  
  41  3:59  Drone  
  44  4:06  Overlord  
  44  4:16  Queen  
  46  4:18  Roach  
  46  4:19  Roach x2  
  46  4:20  Overlord x2  
  52  4:26  Zergling x8  
  56  4:36  Roach x2  
  60  4:39  Roach x2  
  64  4:46  Roach  
  64  4:48  Overlord  
  64  4:52  Overlord  
  66  4:55  Zergling x6  
  69  5:06  Drone x2  
  70  5:19  Ravager  
Tags
 
Add a new tag
Caveats
  • Supply blocks, unpowered buildings, or Contaminate may cause inaccurate times.
  • Supply counts are checked every 10 seconds.